 Seeded DCSS version 0.30.1-4-g462c640d31 (webtiles) character file.

Game seed: 6351066067085065685 (custom seed)

2584 Esekla the Thaumaturge (level 9, -6/44 (45) HPs)
             Began as a Deep Elf Wanderer on Sept 14, 2023.
             Was a Priest of Vehumet.
             Mangled by a wight
             ... wielding a +3 halberd
              (14 damage)
             ... on level 7 of the Dungeon.
             The game lasted 00:42:52 (6981 turns).

Esekla the Thaumaturge (Deep Elf Wanderer)          Turns: 6981, Time: 00:42:53

HP:   -6/44 (45)    AC:  5    Str: 11    XL:     9   Next: 32%
MP:   26/26         EV: 13    Int: 23    God:    Vehumet [***...]
Gold: 398           SH:  5    Dex: 14    Spells: 20/30 levels left

rFire   . . .        s - +5 rapier of the Hero {heavy, rN+ Dex+3}
rCold   . . .        d - +0 buckler
rNeg    + . .        E - +0 robe
rPois   .            m - +0 helmet
rElec   .            D - +0 cloak
rCorr   .            l - +0 pair of gloves
SInv    .            (no boots)
Will    .....        A - amulet of magic regeneration
Stlth   ++           (no ring)
HPRegen 0.27/turn    (no ring)
MPRegen 0.60/turn

%: no passive effects
@: lightly drained
A: no striking features
a: Renounce Religion


You were on level 7 of the Dungeon.
You worshipped Vehumet.
Vehumet was most pleased with you.
You visited 1 branch of the dungeon, and saw 8 of its levels.

You collected 398 gold pieces.

Inventory:

Hand Weapons
 a - a +2 vampiric dagger
 c - a +0 scimitar
 r - a +4 trident of venom
 s - the +5 rapier of the Hero (weapon) {heavy, rN+ Dex+3}
   (You found it on level 3 of the Dungeon)

   Dex:       It affects your dexterity (+3).
   rN:        It protects you from negative energy.
Missiles
 v - 17 poisoned darts (quivered)
Armour
 d - a +0 buckler (worn)
 l - a +0 pair of gloves (worn)
 m - a +0 helmet (worn)
 D - a +0 cloak (worn)
 E - a +0 robe (worn)
Jewellery
 A - an amulet of magic regeneration (around neck)
Wands
 i - a wand of roots (17)
 C - a wand of flame (15)
 H - a wand of mindburst (6)
Scrolls
 g - 8 scrolls of identify {unknown}
 o - a scroll of enchant armour {unknown}
 p - 2 scrolls of amnesia {unknown}
 q - a scroll of immolation {unknown}
 t - 2 scrolls of fog {unknown}
 w - 5 scrolls of blinking {unknown}
 x - 3 scrolls of enchant weapon {unknown}
 y - a scroll of silence {unknown}
 z - a scroll of magic mapping {unknown}
 B - 2 scrolls of fear
 F - 2 scrolls of teleportation {unknown}
 G - 2 scrolls of poison {unknown}
Potions
 b - 2 potions of lignification
 e - 3 potions of ambrosia {unknown}
 f - 6 potions of attraction {unknown}
 h - a potion of heal wounds
 j - 2 potions of haste {unknown}
 k - 5 potions of curing
 n - a potion of mutation {unknown}
 u - 3 potions of brilliance {unknown}


   Skills:
 + Level 2.2 Short Blades
 + Level 0.2 Throwing
 * Level 5.0 Dodging
 + Level 1.7 Stealth
 - Level 3.0 Shields
 * Level 11.2 Spellcasting
 + Level 3.6 Conjurations
 * Level 7.3 Necromancy
 + Level 3.8 Translocations
 + Level 1.0 Invocations


You had 20 spell levels left.
You knew the following spells:

 Your Spells              Type           Power      Damage    Failure   Level
a - Magic Dart            Conj           100%       1d8       1%          1
b - Blink                 Tloc           60%        N/A       2%          2
d - Vampiric Draining     Necr           46%        2d9       1%          3
p - Apportation           Tloc           60%        N/A       1%          1
t - Teleport Other        Tloc           30%        N/A       4%          3

Your spell library contained the following spells:

 Spells                   Type           Power      Damage    Failure   Level
 Stone Arrow              Conj/Erth      42%        3d9       2%          3
 Lesser Beckoning         Tloc           60%        N/A       2%          2
 Gell's Gravitas          Tloc           30%        N/A       4%          3
 Ignite Poison            Fire/Tmut/Pois 12%        N/A       6%          3
 Spider Form              Tmut/Pois      12%        N/A       22%         3
 Cause Fear               Hex            6%         N/A       56%         4
 Summon Mana Viper        Hex/Summ       12%        N/A       89%         5


Dungeon Overview and Level Annotations

Branches:
Dungeon (8/15)             Temple (0/1) D:6
   Lair: D:8-11

Altars:
Dithmenos
Fedhas
Hepliaklqana
Okawaru
Qazlal
Trog
Vehumet
Zin
The Shining One

Shops:
D:2 =   D:4 (

Annotations:
D:2 black bear
D:7 Joseph


Message History

Aim: a wight, wielding a +4 great sword and wearing a +0 robe (chance to affect: 64%)
The wight struggles to resist.
You hit the wight.
The wight is moderately damaged.
You block the wight's attack.
A wight comes into view. It is wielding a +3 halberd.
You puncture the wight!
The wight is almost destroyed.
The wight hits you with a +4 great sword.
The wight hits you with a +4 great sword!!
You partially resist.
You feel drained.
You puncture the wight!
You destroy the wight!
Vehumet accepts your kill.
Your life force feels restored.
Casting: Vampiric Draining (safe; 1% risk of failure)
Confirm with . or Enter, or press ? or * to list all spells.
You blink.
There is an open door here.
Aiming: Fastroot
Press: ? - help, Shift-Dir - straight line, f - wight
Aim: a wight, wielding a +3 halberd and wearing a +0 robe The roots erupt in riotous growth!
Roots grab the wight.
You feel stable enough to blink again.
The grasping roots constrict the wight.
The wight hits you from afar with a +3 halberd!
* * * LOW HITPOINT WARNING * * *
You partially resist.
You feel drained.
The grasping roots constrict the wight.
The roots release their grip on the wight.
Aiming: Fastroot
Press: ? - help, Shift-Dir - straight line, f/p - wight
Aim: a wight, wielding a +3 halberd and wearing a +0 robe (heavily damaged)
The roots erupt in riotous growth!
Roots grab the wight. x2
The grasping roots constrict the wight. x2
The wight struggles to escape constriction.
The wight hits you from afar with a +3 halberd!
You die...

?########
........################
.((....@'z.(.)).........
........#.z..###########
.#####+##....# # #....#
# #....###########
#.............##
#(....#######.##
..#######.#<†...#.##
.......##.##)#..#.##


You could see 2 wights.

Vanquished Creatures
  Pikel (D:6)
  A wyvern (D:7)
  Menkaure (D:7)
  An ice beast (D:6)
  A sky beast (D:6)
  A black bear (D:6)
  2 ogres
  A centaur (D:7)
  A phantom (D:7)
  Blork the orc (D:6)
  A kobold brigand (D:6)
  A gnoll sergeant (D:6)
  A bullfrog (D:7)
  2 scorpions (D:5)
  A wight (D:7)
  A gnoll bouda (D:5)
  6 hounds
  A jelly (D:6)
  Crazy Yiuf (D:7)
  A sleepcap (D:5)
  5 iguanas
  An orc wizard (D:7)
  16 gnolls
  9 adders
  4 white imps
  An ufetubus (D:6)
  A worm (D:4)
  3 dart slugs
  16 orcs
  4 endoplasms
  8 goblins
  5 hobgoblins
  A quokka (D:1)
  6 ball pythons
  4 bats
  4 frilled lizards
  12 kobolds
  A rat (D:1)
128 creatures vanquished.

Notes
Turn   | Place    | Note
-------+----------+-------------------------------------------
     0 | D:1      | Esekla the Deep Elf Wanderer began the quest for the Orb.
     0 | D:1      | Esekla set off with the following items: a +0 club, a
                  | potion of lignification, a +0 robe, a +0 buckler; and the
                  | following spells available to memorise: Apportation, Blink,
                  | Lesser Beckoning, Magic Dart, Ignite Poison, Vampiric
                  | Draining.
     0 | D:1      | Reached XP level 1. HP: 10/10 MP: 7/7
     2 | D:1      | Learned a level 1 spell: Magic Dart
     4 | D:1      | Learned a level 1 spell: Apportation
   238 | D:2      | Found Renulab's Jewellery Shop.
   537 | D:4      | Found a radiant altar of Vehumet.
   548 | D:4      | Found an iron altar of Okawaru.
   556 | D:4      | Found a glowing silver altar of Zin.
   640 | D:4      | Became a worshipper of Vehumet
   817 | D:3      | Reached skill level 1 in Necromancy
   887 | D:3      | Reached XP level 2. HP: 15/15 MP: 3/9
  1046 | D:3      | Identified the +5 rapier of the Hero {heavy, rN+ Dex+3}
  1106 | D:2      | Reached skill level 5 in Spellcasting
  1179 | D:2      | Reached XP level 3. HP: 19/19 MP: 5/11
  1183 | D:2      | Learned a level 3 spell: Vampiric Draining
  1188 | D:2      | Learned a level 2 spell: Blink
  1343 | D:1      | Reached * piety under Vehumet
  1343 | D:1      | Offered knowledge of Shock by Vehumet.
  1650 | D:1      | Learned a level 3 spell: Teleport Other
  1778 | D:2      | Reached XP level 4. HP: 16/24 MP: 1/13
  1906 | D:2      | Found a faded altar of an unknown god.
  2018 | D:2      | Noticed a black bear
  2147 | D:3      | Reached skill level 1 in Conjurations
  2345 | D:3      | Found a stormy altar of Qazlal.
  2580 | D:2      | Reached skill level 1 in Dodging
  2865 | D:3      | Reached skill level 6 in Spellcasting
  2865 | D:3      | Reached XP level 5. HP: 28/28 MP: 13/15
  2887 | D:3      | Found a hazy altar of Hepliaklqana.
  2887 | D:3      | Found a bloodstained altar of Trog.
  3031 | D:4      | Found Ponaysk's Antique Weapon Boutique.
  3301 | D:4      | Noticed an ogre
  3371 | D:4      | Found a glowing golden altar of the Shining One.
  3490 | D:5      | Entered Level 5 of the Dungeon
  3504 | D:5      | Got the Parchment of the Lumpy Olives
  3521 | D:5      | Found a shadowy altar of Dithmenos.
  3600 | D:5      | Reached XP level 6. HP: 32/32 MP: 10/17
  3624 | D:5      | Reached skill level 7 in Spellcasting
  3693 | D:5      | Reached ** piety under Vehumet
  3693 | D:5      | Offered knowledge of Foxfire by Vehumet.
  4076 | D:5      | Reached skill level 8 in Spellcasting
  4076 | D:5      | Reached XP level 7. HP: 32/36 MP: 16/20
  4795 | D:7      | Found a runed translucent door.
  4796 | D:7      | Noticed Crazy Yiuf
  4804 | D:7      | Killed Crazy Yiuf
  4987 | D:5      | Reached skill level 5 in Necromancy
  5086 | D:6      | Noticed Blork the orc
  5101 | D:6      | Killed Blork the orc
  5176 | D:6      | Reached XP level 8. HP: 41/41 MP: 22/22
  5314 | D:6      | Reached skill level 1 in Short Blades
  5351 | D:6      | Found a staircase to the Ecumenical Temple.
  5368 | D:6      | Noticed Pikel
  5395 | D:6      | Reached skill level 9 in Spellcasting
  5417 | D:6      | Killed Pikel
  5554 | D:6      | Reached skill level 10 in Spellcasting
  5642 | D:6      | Found a blossoming altar of Fedhas.
  6048 | D:7      | Reached XP level 9. HP: 28/45 MP: 16/25
  6337 | D:7      | Offered knowledge of Stone Arrow by Vehumet.
  6438 | D:7      | Noticed Menkaure
  6446 | D:8      | Noticed a two-headed ogre
  6459 | D:7      | Killed Menkaure
  6628 | D:7      | Reached skill level 11 in Spellcasting
  6757 | D:7      | Noticed Joseph
  6972 | D:7      | Reached *** piety under Vehumet
  6973 | D:7      | Reached skill level 5 in Dodging
  6981 | D:7      | Mangled by a wight

Illustrated notes

Levels and vault maps discovered:
D:1:      sevenhm_arrival_forest_fort_small_3, layout_rooms,
          chequers_serial_rivers_room_b, minmay_misc_feat_five
D:2:      layout_loops_ring, dreamdust_ecumenical_altar_angels_and_demons,
          serial_shops, shop
D:3:      layout_basic, grunt_temple_overflow_open, minmay_misc_feat_iff
D:4:      layout_basic, nicolae_overflow_quartered_altars, serial_shops,
          nicolae_diamond_shop
D:5:      layout_loops_ring, lemuel_doored_altar, minmay_misc_feat_rows,
          dreamdust_wishing_well
D:6:      layout_loops_cross, fedhas_altar_fruit_tree,
          minmay_temple_entry_glass, uniq_pikel, uniq_blork_the_orc
D:7:      layout_basic, uniq_menkaure, uniq_joseph, uniq_crazy_yiuf_cottage
D:8:      layout_basic, nicolae_uskayaw_dance_hall, serial_demonic,
          serial_demonic_d, serial_demonic_a, serial_demonic_c,
          serial_demonic_c, nicolae_diode_quadrants

Skill      XL: |  1  2  3  4  5  6  7  8  9 |
---------------+----------------------------+-----
Necromancy     | 1 2 3 4 5 6 7 |  7.3
Spellcasting   | 5 6 8 10 11 | 11.2
Translocations | 3 |  3.8
Conjurations   | 1 2 3 |  3.6
Dodging        | 1 2 3 4 5 |  5.0
Shields        | 2 3 |  3.0
Short Blades   | 2 |  2.2
Throwing       | |  0.2
Stealth        | |  1.7
Invocations    | |  1.0

Action                     |  1- 3 |  4- 6 |  7- 9 || total
---------------------------+-------+-------+-------++-------
  Melee: Short sword       |    46 |    59 |       ||   105
         Dagger            |       |    37 |    73 ||   110
         Rapier            |       |     5 |    59 ||    64
  Throw: Dart              |       |    14 |    11 ||    25
   Cast: Apportation       |    27 |     7 |    18 ||    52
         Magic Dart        |    64 |    56 |    19 ||   139
         Vampiric Draining |     2 |    34 |    58 ||    94
         Blink             |       |     2 |     4 ||     6
         Teleport Other    |       |       |    10 ||    10
  Evoke: Wand              |       |       |     8 ||     8
    Use: Scroll            |     1 |       |       ||     1
         Potion            |       |       |     2 ||     2
   Stab: Sleeping          |     3 |     2 |     1 ||     6
 Armour: Robe              |    18 |    20 |    52 ||    90
  Dodge: Dodged            |    25 |    45 |    98 ||   168
  Block: Buckler           |    13 |    29 |    43 ||    85
